 Dungeon Crawl Stone Soup version 0.29-a0-330-g52719c12eb (webtiles) character file.

Game seed: 11391931433339358783

2317 Basado the Frost Mage (level 9, -2/65 HPs)
             Began as a Gnoll Ice Elementalist on May 8, 2022.
             Slain by Duvessa
             ... wielding a +0 short sword
              (8 damage)
             ... on level 7 of the Dungeon.
             The game lasted 00:13:41 (7310 turns).

Basado the Frost Mage (Gnoll Ice Elementalist)      Turns: 7310, Time: 00:13:41

Health: -2/65      AC:  4    Str:  8    XL:     9   Next: 41%
Magic:  17/18      EV: 14    Int: 19    God:
Gold:   379        SH:  0    Dex: 12    Spells: 8/21 levels left

rFire   x . .      SeeInvis .   E - +2 flail (venom)
rCold   + . .      Faith    .   (no shield)
rNeg    . . .      Spirit   .   a - +0 robe
rPois   .          Reflect  .   s - +2 hat
rElec   .          Harm     .   (no cloak)
rCorr   .          Rampage  .   (no gloves)
Will    +....                   (no boots)
Stlth   +++.......              y - amulet of magic regeneration
HPRegen 0.20/turn               m - ring of ice
MPRegen 0.56/turn               h - ring of willpower

@: no status effects
A: fangs 1, strong nose, distributed training
a: no special abilities


You were on level 7 of the Dungeon.
You visited 1 branch of the dungeon, and saw 7 of its levels.
You also visited: Sewer.

You collected 379 gold pieces.

Inventory:

Hand Weapons
 r - a +0 long sword
 E - a +2 flail of venom (weapon)
Missiles
 k - 3 curare-tipped darts
 I - 2 throwing nets
Armour
 a - a +0 robe (worn)
 s - a +2 hat (worn)
Jewellery
 h - a ring of willpower (right hand)
 m - a ring of ice (left hand)
 q - a ring of positive energy
 y - an amulet of magic regeneration (around neck)
Wands
 D - a wand of iceblast (10)
Scrolls
 c - a scroll of enchant armour {unknown}
 e - a scroll of identify {unknown}
 f - 4 scrolls of fog {unknown}
 g - a scroll of torment {unknown}
 i - a scroll of silence {unknown}
 j - 2 scrolls of noise {unknown}
 n - a scroll of immolation
 o - 4 scrolls of blinking {unknown}
 p - 3 scrolls of magic mapping {unknown}
 t - 2 scrolls of teleportation {unknown}
 v - 2 scrolls of fear {unknown}
 x - a scroll of holy word {unknown}
 G - a scroll of amnesia {unknown}
 H - a scroll of vulnerability {unknown}
Potions
 b - 2 potions of magic
 d - a potion of curing {unknown}
 l - 5 potions of heal wounds
 u - a potion of berserk rage {unknown}
 w - a potion of cancellation {unknown}
 z - a potion of brilliance {unknown}
 A - a potion of haste {unknown}
 B - a potion of ambrosia {unknown}
 C - 2 potions of attraction {unknown}
 F - a potion of degeneration {unknown}


   Skills:
 + Level 4.2 Fighting
 + Level 4.2 Short Blades
 + Level 4.2 Long Blades
 + Level 4.2 Axes
 + Level 4.2 Maces & Flails
 + Level 4.2 Polearms
 + Level 4.2 Staves
 + Level 4.2 Slings
 + Level 4.2 Bows
 + Level 4.2 Crossbows
 + Level 4.2 Throwing
 + Level 4.2 Armour
 + Level 6.3 Dodging
 + Level 6.0 Stealth
 + Level 4.2 Shields
 + Level 4.2 Unarmed Combat
 + Level 6.6 Spellcasting
 + Level 3.4 Conjurations
 + Level 3.4 Hexes
 + Level 3.4 Summonings
 + Level 3.4 Necromancy
 + Level 3.4 Translocations
 + Level 3.4 Transmutations
 + Level 3.4 Fire Magic
 + Level 8.0 Ice Magic
 + Level 3.4 Air Magic
 + Level 3.4 Earth Magic
 + Level 3.4 Poison Magic
 + Level 4.6 Invocations
 + Level 4.2 Evocations


You had 8 spell levels left.
You knew the following spells:

 Your Spells              Type           Power      Damage    Failure   Level
a - Freeze                Ice            100%       1d11      1%          1
b - Frozen Ramparts       Ice            100%       1d12      1%          3
c - Ozocubu's Armour      Ice            53%        N/A       1%          3
d - Poisonous Vapours     Pois/Air       38%        N/A       3%          2
e - Hailstorm             Conj/Ice       42%        3d10      10%         4

Your spell library contained the following spells:

 Spells                   Type           Power      Damage    Failure   Level
 Shock                    Conj/Air       76%        1d7       2%          1
 Corpse Rot               Necr/Air       38%        N/A       3%          2
 Sublimation of Blood     Necr           19%        N/A       3%          2
 Wereblood                Tmut           19%        N/A       3%          2
 Swiftness                Air            19%        N/A       8%          3
 Airstrike                Air            9%         N/A       26%         4
 Summon Hydra             Summ           9%         N/A       100%        7


Dungeon Overview and Level Annotations

Branches:
Dungeon (7/15)             Temple (0/1) D:7           Sewer (visited)

Altars:
Dithmenos
Sif Muna
The Shining One

Shops:
D:6 *

Annotations:
D:6 1 runed translucent door, benappo's ghost, novice GnTm
D:7 Dowan; Duvessa; Joseph


Innate Abilities, Weirdness & Mutations

You have very sharp teeth.
Your uncanny sense of smell can sniff out nearby items.
Your experience applies equally to all skills.


Message History

Joseph, a Mercenary comes into view.
He is wielding a +7 vorpal quarterstaff.
The wall freezes Dowan.
Dowan points at Duvessa and mumbles some strange words.
Duvessa seems to speed up.
Casting: Ozocubu's Armour (safe; 1% risk of failure)
Confirm with . or Enter, or press ? or * to list all spells.
You feel a surge of power!
Your icy armour thickens.
Joseph unwields a +7 vorpal quarterstaff.
Joseph wields a +0 hunting sling.
Joseph shoots a sling bullet.
The sling bullet hits you!
The wall freezes Dowan.
Dowan barely misses you.
Unknown command.
Your icy armour and frozen ramparts will break if you move.
Continue?
Dowan attacks as you move away! Dowan barely misses you.
Your icy armour cracks and falls away as you move.
The frozen ramparts melt away as you move.
Duvessa attacks as you move away! Duvessa barely misses you.
Duvessa says, "Where magic fails, the sword succeeds!"
Duvessa hits you with a +0 short sword!
Dowan says, "Magic and the sword, together, will defeat you."
Dowan mumbles some strange words.
Dowan blinks!
Dowan hits you with a +0 dagger.
There is a stone staircase leading down here.
Duvessa closely misses you. Dowan hits you with a +0 dagger.
Duvessa attacks as you move away! Duvessa hits you with a +0 short sword.
Dowan hits you with a +0 dagger! Dowan attacks as you move away!
Dowan hits you with a +0 dagger. Duvessa hits you with a +0 short sword!
* * * LOW HITPOINT WARNING * * *
Dowan attacks as you move away! Dowan hits you with a +0 dagger.
* * * LOW HITPOINT WARNING * * *
Dowan attacks as you move away! Dowan barely misses you.
Duvessa barely misses you. Duvessa hits you with a +0 short sword.
* * * LOW HITPOINT WARNING * * *
Dowan hits you with a +0 dagger.
* * * LOW HITPOINT WARNING * * *
There is a stone staircase leading up here.
Duvessa hits you with a +0 short sword!
You die...

### ..#### .#
##....#######..
...#.........# ..
###................
#..e.......# .#...@
#.@e.......##......
#..........#..#....
#......>...#......
#..........#..#.#.#
########..#...!....
#.@....#.#.#
#...#....#
#.######.# #.. ..#


You could see Joseph, Duvessa (fast) and Dowan.

Vanquished Creatures
  Pikel (D:6)
  Grinder (Sewer)
  A vampire (D:6)
  A steam dragon (D:6)
  An ice beast (D:5)
  A sky beast (D:6)
  A black bear (D:4)
  An ogre (D:6)
  A phantom (D:6)
  A kobold brigand (Sewer)
  2 lemures (D:6)
  2 necrophages
  2 howler monkeys (D:6)
  A hound (D:3)
  2 quasits (Sewer)
  4 orc priests
  A jelly (D:6)
  A gnoll shaman (D:4)
  6 iguanas
  2 orc wizards
  7 gnolls
  2 adders (D:6)
  2 shadow imps (Sewer)
  3 ufetubi (Sewer)
  A dart slug (D:4)
  11 orcs
  8 endoplasms
  2 giant cockroaches
  2 goblins
  A hobgoblin (D:2)
  5 jackals (D:4)
  16 kobolds
  5 quokkas
  8 ball pythons
  9 bats
  3 frilled lizards
  2 giant cockroach zombies (Sewer)
120 creatures vanquished.

Vanquished Creatures (others)
  An orc wizard (D:5)
  A giant cockroach zombie (Sewer)
  A kobold zombie (Sewer)
  7 plants (D:3)
10 creatures vanquished.

Grand Total: 130 creatures vanquished

Notes
Turn   | Place    | Note
-------+----------+-------------------------------------------
     0 | D:1      | Basado the Gnoll Ice Elementalist began the quest for the
                  | Orb.
     0 | D:1      | Reached XP level 1. HP: 13/13 MP: 6/6
   346 | D:1      | Reached XP level 2. HP: 19/19 MP: 5/7
  1694 | D:2      | Found a faded altar of an unknown god.
  1946 | D:3      | Reached XP level 3. HP: 22/25 MP: 6/9
  1953 | D:3      | Learned a level 3 spell: Frozen Ramparts
  1957 | D:3      | Learned a level 3 spell: Ozocubu's Armour
  1997 | D:3      | Reached skill level 5 in Spellcasting
  2029 | D:3      | Reached skill level 1 in Fighting
  2029 | D:3      | Reached skill level 1 in Short Blades
  2029 | D:3      | Reached skill level 1 in Long Blades
  2029 | D:3      | Reached skill level 1 in Axes
  2029 | D:3      | Reached skill level 1 in Maces & Flails
  2029 | D:3      | Reached skill level 1 in Polearms
  2029 | D:3      | Reached skill level 1 in Staves
  2029 | D:3      | Reached skill level 1 in Slings
  2029 | D:3      | Reached skill level 1 in Bows
  2029 | D:3      | Reached skill level 1 in Crossbows
  2029 | D:3      | Reached skill level 1 in Throwing
  2029 | D:3      | Reached skill level 1 in Armour
  2029 | D:3      | Reached skill level 1 in Shields
  2029 | D:3      | Reached skill level 1 in Unarmed Combat
  2029 | D:3      | Reached skill level 1 in Invocations
  2029 | D:3      | Reached skill level 1 in Evocations
  2029 | D:3      | Reached XP level 4. HP: 29/32 MP: 7/11
  2126 | D:3      | Found a glowing golden altar of the Shining One.
  2308 | D:3      | Reached skill level 1 in Conjurations
  2308 | D:3      | Reached skill level 1 in Hexes
  2308 | D:3      | Reached skill level 1 in Summonings
  2308 | D:3      | Reached skill level 1 in Necromancy
  2308 | D:3      | Reached skill level 1 in Translocations
  2308 | D:3      | Reached skill level 1 in Transmutations
  2308 | D:3      | Reached skill level 1 in Fire Magic
  2308 | D:3      | Reached skill level 1 in Air Magic
  2308 | D:3      | Reached skill level 1 in Earth Magic
  2308 | D:3      | Reached skill level 1 in Poison Magic
  2311 | D:3      | Reached XP level 5. HP: 36/37 MP: 6/12
  2948 | D:4      | Noticed a black bear
  2966 | D:4      | Killed a black bear
  2967 | D:4      | Reached XP level 6. HP: 44/44 MP: 7/13
  3150 | D:4      | Reached skill level 5 in Dodging
  3268 | D:4      | Found a shadowy altar of Dithmenos.
  3510 | D:4      | Found a glowing drain.
  3515 | Sewer    | Entered a sewer
  3734 | Sewer    | Found a burning altar of Makhleb.
  3753 | Sewer    | Noticed Grinder
  3788 | Sewer    | Paralysed by Grinder for 7 turns
  3790 | Sewer    | Killed Grinder
  3791 | Sewer    | Reached XP level 7. HP: 19/51 MP: 1/15
  4504 | D:4      | Reached skill level 5 in Stealth
  4624 | D:4      | Found a shimmering blue altar of Sif Muna.
  4657 | D:5      | Entered Level 5 of the Dungeon
  5229 | D:5      | Reached XP level 8. HP: 57/57 MP: 13/16
  5747 | D:6      | Found Siofigg Utipt's Assorted Antiques.
  5879 | D:6      | Noticed a vampire
  5888 | D:6      | Killed a vampire
  6244 | D:6      | Noticed Pikel
  6256 | D:6      | Killed Pikel
  6257 | D:6      | Reached XP level 9. HP: 18/65 MP: 16/18
  6534 | D:6      | Learned a level 2 spell: Poisonous Vapours
  6539 | D:6      | Learned a level 4 spell: Hailstorm
  6567 | D:6      | Reached skill level 8 in Ice Magic
  6935 | D:6      | Found a runed translucent door.
  6936 | D:6      | Noticed benappo's ghost (novice GnTm)
  7293 | D:7      | Noticed Dowan
  7294 | D:7      | Noticed Duvessa
  7295 | D:7      | Found a staircase to the Ecumenical Temple.
  7298 | D:7      | Noticed Joseph
  7310 | D:7      | Slain by Duvessa

Illustrated notes

Levels and vault maps discovered:
D:1:      heliophobic_arrival_henge, layout_basic
D:2:      layout_loops_ring, shapermc_ecumenical_altar_mp_highgroup
D:3:      layout_rooms, mainiacjoe_overflow_chevrons, chequers_big_river,
          minmay_statues_item, minmay_misc_feat_rugged,
          kennysheep_generic_room_9
D:4:      layout_gridville, mainiacjoe_overflow_alcove_1,
          grunt_dithmenos_smoke_and_mirrors, gup_sewer_entry_bowl,
          chequers_jeans
D:5:      layout_cave_pods
D:6:      layout_loops_ring, serial_shops, kennysheep_mini_moat,
          ebering_ghost_inner_flame, chequers_serial_rivers_micro_b, uniq_pikel
D:7:      layout_rooms, minmay_temple_entry_glass, uniq_duvessa, uniq_joseph

Skill      XL: |  1  2  3  4  5  6  7  8  9 |
---------------+----------------------------+-----
Spellcasting   | 5 6 |  6.6
Fighting       | 1 2 3 4 |  4.2
Short Blades   | 1 2 3 4 |  4.2
Long Blades    | 1 2 3 4 |  4.2
Axes           | 1 2 3 4 |  4.2
Maces & Flails | 1 2 3 4 |  4.2
Polearms       | 1 2 3 4 |  4.2
Staves         | 1 2 3 4 |  4.2
Slings         | 1 2 3 4 |  4.2
Bows           | 1 2 3 4 |  4.2
Crossbows      | 1 2 3 4 |  4.2
Throwing       | 1 2 3 4 |  4.2
Armour         | 1 2 3 4 |  4.2
Shields        | 1 2 3 4 |  4.2
Unarmed Combat | 1 2 3 4 |  4.2
Invocations    | 1 2 3 4 |  4.6
Evocations     | 1 2 3 4 |  4.2
Conjurations   | 1 2 3 |  3.4
Hexes          | 1 2 3 |  3.4
Summonings     | 1 2 3 |  3.4
Necromancy     | 1 2 3 |  3.4
Translocations | 1 2 3 |  3.4
Transmutations | 1 2 3 |  3.4
Fire Magic     | 1 2 3 |  3.4
Air Magic      | 1 2 3 |  3.4
Earth Magic    | 1 2 3 |  3.4
Poison Magic   | 1 2 3 |  3.4
Dodging        | 5 6 |  6.3
Stealth        | 5 6 |  6.0
Ice Magic      | 8 |  8.0

Action                   |  1- 3 |  4- 6 |  7- 9 || total
-------------------------+-------+-------+-------++-------
Melee: Unarmed           |    13 |     2 |       ||    15
       Bite              |     3 |     5 |     2 ||    10
       Long sword        |       |    45 |    42 ||    87
       Punch             |       |       |     2 ||     2
       Flail             |       |       |    28 ||    28
Throw: Dart              |       |     1 |       ||     1
 Cast: Freeze            |    30 |    44 |    44 ||   118
       Frozen Ramparts   |       |     9 |    10 ||    19
       Ozocubu's Armour  |       |     2 |    11 ||    13
  Use: Potion            |       |       |     1 ||     1
 Stab: Sleeping          |     1 |     2 |       ||     3
Armor: Robe              |     5 |    36 |    41 ||    82
Dodge: Dodged            |    26 |    84 |    89 ||   199

Table legend: (Time is in decaauts)
 A = Elapsed time spent in this place.
 B = Non-inter-level travel time spent in this place.
 C = Inter-level travel time spent in this place.
 D = Time resting spent in this place.
 E = Time spent auto-exploring this place.
 F = Levels seen in this place.
 G = Mean time per level.
                   A        B        C        D        E       F      G
               +--------+--------+--------+--------+--------+-----+--------+
         Total |   7365 |   7221 |    144 |      0 |   6165 |   8 |  920.6 |
       Dungeon |   6404 |   6260 |    144 |      0 |   5467 |   7 |  914.9 |
         Sewer |    961 |    961 |      0 |      0 |    698 |   1 |  961.0 |
               +--------+--------+--------+--------+--------+-----+--------+

Top non-repeatable levels by time:
     D:6: 1646 daAuts
     D:3: 1039 daAuts
     D:5: 993 daAuts
   Sewer: 961 daAuts
     D:2: 961 daAuts
     D:1: 960 daAuts
     D:4: 776 daAuts
     D:7: 25 daAuts
